 Dungeon Crawl Stone Soup version 0.18.1-8-gdd0e5ea (webtiles) character file.

30799 rockintein the Severer (level 13, -15/178 HPs)
             Began as a Minotaur Berserker on June 11, 2016.
             Was a High Priest of Trog.
             Killed from afar by a frost giant (19 damage)
             ... with a bolt of cold
             ... on level 12 of the Dungeon.
             The game lasted 00:30:31 (13698 turns).

rockintein the Severer (Minotaur Berserker)        Turns: 13698, Time: 00:30:32

Health: -15/178    AC: 27    Str: 33    XL:     13   Next: 22%
Magic:  21/21      EV:  7    Int:  4    God:    Trog [*****.]
Gold:   1270       SH: 10    Dex: 12    Spells: 0 memorised, 12 levels left

rFire  + . .     SeeInvis .     L - +9 war axe of Defilement {chop, MP+9}
rCold  + . .     Gourm    .     W - +0 crystal plate armour
rNeg   . . .     Faith    .     N - +0 buckler of Apathy {rElec}
rPois  .         Spirit   .     (helmet restricted)
rElec  +         Dismiss  .     a - +0 cloak {+Inv}
rCorr  .         Reflect  +     t - +2 pair of gloves {Dex+3}
SustAt .         Harm     .     (no boots)
MR     ++...                    x - +3 amulet of reflection
Stlth  ..........               K - ring of protection from cold
                                e - ring of protection from fire

@: berserking, regenerating, very quick, very resistant to hostile enchantments,
extremely unstealthy
A: retaliatory headbutt, horns 2
a: Berserk, Trog's Hand, Brothers in Arms, Burn Spellbooks, Renounce Religion,
Evoke Invisibility


You were on level 12 of the Dungeon.
You worshipped Trog.
Trog was extremely pleased with you.
You were not hungry.

You visited 1 branch of the dungeon, and saw 12 of its levels.
You also visited: Ossuary and Bailey.

You collected 1270 gold pieces.

Inventory:

Hand Weapons
 o - a +0 broad axe
 I - the +10 battleaxe of Watchfulness {drain, +Rage rC+}
   (Trog gifted it to you on level 8 of the Dungeon)

   A truly terrible weapon, it drains the life of those it strikes.
   It protects you from cold.
   It lets you go berserk.
 L - the +9 war axe of Defilement (weapon) {chop, MP+9}
   (You found it in a bailey)

   It inflicts extra damage upon your enemies.
   It affects your magic capacity (+9).
 P - a +1 antimagic broad axe
 Q - a +5 antimagic battleaxe
Armour
 a - a +0 cloak of invisibility (worn)
 t - a +2 pair of gloves of dexterity (worn)
 y - a +3 shield
 C - a +0 plate armour
 E - a +0 large shield
 N - the +0 buckler of Apathy (worn) {rElec}
   (You found it on level 11 of the Dungeon)

   It insulates you from electricity.
 W - a +0 crystal plate armour (worn)
Jewellery
 e - a ring of protection from fire (left hand)
 k - an uncursed amulet of guardian spirit
 x - a +3 amulet of reflection (around neck)
 F - a +4 ring of intelligence
 K - a ring of protection from cold (right hand)
Wands
 u - a wand of disintegration (18/24)
 O - a wand of teleportation (5/9)
 S - a wand of slowing (22/48)
Scrolls
 f - 7 scrolls of teleportation
 g - 4 scrolls of fear
 h - 18 scrolls of identify
 j - 4 scrolls of blinking
 l - 4 scrolls of fog
 q - 8 scrolls of remove curse
 A - 5 scrolls of enchant weapon
 G - 2 scrolls of recharging
 J - 2 scrolls of enchant armour
Potions
 b - 2 potions of brilliance
 d - 5 potions of haste
 i - 4 potions of heal wounds
 p - 3 potions of flight
 s - 9 potions of curing
 z - 2 potions of might
 D - a potion of cancellation
 M - 2 potions of resistance {unknown}
 R - 2 potions of agility
Books
 v - a book of Transfigurations

   Spells                             Type                      Level
   a - Irradiate                      Conjuration/Transmutation    5
   b - Statue Form                    Transmutation/Earth          6
   c - Hydra Form                     Transmutation                6
   d - Dragon Form                    Transmutation                7
   Trog disapproves of the use of such an item.
 H - a book of Alchemy

   Spells                             Type                      Level
   a - Sublimation of Blood           Necromancy                   2
   b - Ignite Poison                  Fire/Transmutation/Poison    3
   c - Petrify                        Transmutation/Earth          4
   d - Alistair's Intoxication        Transmutation/Poison         5
   e - Irradiate                      Conjuration/Transmutation    5
   Trog disapproves of the use of such an item.
 U - a book of Air

   Spells                             Type                      Level
   a - Shock                          Conjuration/Air              1
   b - Swiftness                      Charms/Air                   2
   c - Repel Missiles                 Charms/Air                   2
   d - Static Discharge               Conjuration/Air              3
   e - Lightning Bolt                 Conjuration/Air              5
   Trog disapproves of the use of such an item.
 V - a book of Air

   Spells                             Type                      Level
   a - Shock                          Conjuration/Air              1
   b - Swiftness                      Charms/Air                   2
   c - Repel Missiles                 Charms/Air                   2
   d - Static Discharge               Conjuration/Air              3
   e - Lightning Bolt                 Conjuration/Air              5
   Trog disapproves of the use of such an item.
Comestibles
 c - 8 bread rations
 m - 2 beef jerkies
 n - 11 meat rations
 r - 6 fruits
 w - 2 slices of pizza
 B - 5 royal jellies
 T - 34 chunks of flesh


   Skills:
 + Level 12.9 Fighting
 * Level 16.4 Axes
 + Level 12.4 Armour
 - Level 2.1 Dodging
 + Level 11.4 Shields


You had 12 spell levels left.
You didn't know any spells.

Dungeon Overview and Level Annotations

Branches:
Dungeon (12/15)            Temple (0/1) D:7            Lair (0/8) D:9
    Orc (0/2) D:12

Altars:
Cheibriados
Dithmenos
Elyvilon
Fedhas
Kikubaaqudgha
Makhleb
Nemelex Xobeh
Pakellas
Qazlal
Ru
Sif Muna
Vehumet
Xom
Yredelemnul
Zin
The Shining One

Annotations:
D:10 exclusion: obsidian statue


Innate Abilities, Weirdness & Mutations

You reflexively headbutt those who attack you in melee.
You have a pair of horns on your head.


Message History

The hill giant is moderately wounded.
You barely miss the hill giant.
The hill giant hits you but does no damage.
You carve the hill giant like a ham!!!
You kill the hill giant!
Trog accepts your kill.
You slice the hill giant!!
The hill giant is almost dead.
You hit the hill giant.
The hill giant is lightly wounded.
The cyclops throws a large rock.
The large rock barely misses you.
You slice the hill giant!! You headbutt the hill giant!
The hill giant is severely wounded.
You slash the hill giant!
You kill the hill giant!
Trog accepts your kill. You block the hill giant's attack.
The frost giant casts a spell at you. The bolt of cold hits you! You resist.
You die...

...## ####...#
....# #...# ....##
#...# .....# ##'##
...P.## #.# ......#
#.# ....###
###+##'## ....#
#....C(.# #...###
#....)@.#
#####.#####....)..#
#.##..#..##.......#
#....P..###.....C.#
......### #....C..#
.......# #.......#
.......# +))..C..#
.....### #?$.....#
#....#


You could see a frost giant, a hill giant and 2 cyclopes.

Vanquished Creatures
  The ghost of rockintein the Severer, a journeyman MiBe of Trog (D:11)
  A hydra (D:10)
  Erolcha (D:8)
  A catoblepas (D:10)
  An orc high priest (Bailey)
  A tengu warrior (D:12)
  The ghost of kak the Thaumaturge, a journeyman DECj of Sif Muna (D:10)
  2 iron trolls (D:9)
  16 hill giants
  Pikel (D:6)
  An ugly thing (D:11)
  An orc sorcerer (Bailey)
  An orc knight (Bailey)
  A cyclops (D:12)
  A centaur zombie (D:12)
  A gargoyle (D:12)
  A kobold demonologist (D:12)
  7 trolls
  A two-headed ogre (D:12)
  A wyvern (D:11)
  3 wraiths
  10 yaks
  Grum (D:11)
  2 hippogriffs
  A steam dragon (D:9)
  5 wargs (D:12)
  Duvessa (D:4)
  A black bear (D:7)
  20 orc warriors
  A slave (D:6)
  2 phantoms
  7 ice beasts
  5 sky beasts
  7 ogres
  A wasp (D:11)
  3 wolves (D:11)
  2 necrophages
  6 centaurs
  3 big kobolds
  9 giant frogs
  Dowan (D:4)
  The ghost of nikopol the Skirmisher, a weakling MiBe of Trog (D:3)
  4 scorpions
  3 killer bees (D:9)
  2 spriggan skeletons (D:9)
  7 electric eels
  A troll skeleton (D:9)
  A howler monkey (D:5)
  7 crimson imps
  A giant frog zombie (D:5)
  A quasit (D:6)
  3 giant frog skeletons
  5 hounds
  4 jellies
  14 orc priests
  7 centaur skeletons
  7 iguanas
  Jessica (D:2)
  Natasha (thrice) (D:2)
  Terence (D:2)
  28 orc wizards
  9 worker ants
  3 hound zombies
  12 mummies (Ossuary)
  3 hound skeletons
  3 gnolls (Bailey)
  2 howler monkey zombies
  8 adders
  A shadow imp (D:8)
  An adder zombie (D:5)
  2 adder skeletons
  A worm (D:2)
  5 giant geckos
  93 orcs
  11 bats
  2 giant cockroaches
  23 goblins
  15 hobgoblins
  7 jackals
  8 quokkas
  3 ball pythons
  A giant gecko skeleton (D:6)
  10 giant newts
  2 gnoll skeletons (Ossuary)
  2 goblin skeletons (Ossuary)
  29 kobolds
  3 orc skeletons (Ossuary)
  A quokka zombie (D:7)
  11 rats
  11 rat skeletons (Ossuary)
  A fulminant prism (D:10)
  A plant (D:12)
518 creatures vanquished.

Vanquished Creatures (others)
  A cyclops (D:12)
  A worker ant (D:6)
  A hobgoblin (Bailey)
  A goblin skeleton (Ossuary)
4 creatures vanquished.

Grand Total: 522 creatures vanquished

Notes
Turn   | Place    | Note
--------------------------------------------------------------
     0 | D:1      | rockintein the Minotaur Berserker began the quest for the Orb.
     0 | D:1      | Reached XP level 1. HP: 19/19 MP: 0/0
   149 | D:1      | Reached XP level 2. HP: 20/27 MP: 1/1
   164 | D:1      | Reached skill level 4 in Axes
   749 | D:1      | Reached ** piety under Trog
  1080 | D:2      | Reached XP level 3. HP: 33/33 MP: 2/2
  1209 | D:2      | Noticed Terence
  1210 | D:2      | Found a glowing silver altar of Zin.
  1216 | D:2      | Killed Terence
  1339 | D:2      | Noticed Natasha
  1342 | D:2      | Killed Natasha
  1342 | D:2      | Reached XP level 4. HP: 39/41 MP: 3/3
  1495 | D:2      | Reached skill level 5 in Axes
  1551 | D:2      | Noticed Natasha
  1553 | D:2      | Found an oddly glowing altar of Pakellas.
  1564 | D:2      | Killed Natasha
  1571 | D:2      | Reached *** piety under Trog
  1655 | D:2      | Noticed Natasha
  1657 | D:2      | Killed Natasha
  1657 | D:2      | Reached XP level 5. HP: 44/47 MP: 4/4
  1766 | D:2      | Noticed Jessica
  1775 | D:2      | Killed Jessica
  1775 | D:2      | Reached skill level 5 in Fighting
  1997 | D:3      | Reached skill level 6 in Axes
  1997 | D:3      | Reached XP level 6. HP: 22/56 MP: 5/5
  2195 | D:3      | Found a shadowy altar of Dithmenos.
  2205 | D:3      | Noticed nikopol's ghost (weakling MiBe)
  2217 | D:3      | Killed nikopol's ghost
  2480 | D:3      | Found a faded altar to an unknown god.
  2871 | D:4      | Found a burning altar of Makhleb.
  2877 | D:4      | Found a radiant altar of Vehumet.
  2911 | D:4      | Noticed Duvessa
  2913 | D:4      | Noticed Dowan
  2922 | D:4      | Killed Duvessa
  2922 | D:4      | Reached skill level 7 in Axes
  2922 | D:4      | Reached XP level 7. HP: 41/63 MP: 6/6
  2934 | D:4      | Killed Dowan
  2934 | D:4      | Reached skill level 5 in Armour
  3141 | D:4      | Found a basalt altar of Yredelemnul.
  3244 | D:4      | Found a deep blue altar of Sif Muna.
  3245 | D:4      | Reached **** piety under Trog
  3248 | D:4      | Found a white marble altar of Elyvilon.
  3259 | D:4      | Reached skill level 1 in Shields
  3361 | D:4      | Reached skill level 8 in Axes
  3527 | D:5      | Entered Level 5 of the Dungeon
  3981 | D:5      | Found a blossoming altar of Fedhas.
  3981 | D:5      | Found an ancient bone altar of Kikubaaqudgha.
  4032 | D:5      | Reached XP level 8. HP: 67/71 MP: 7/7
  4453 | D:5      | Reached skill level 9 in Axes
  4492 | D:5      | Found a snail-covered altar of Cheibriados.
  4895 | D:6      | Found a sacrificial altar of Ru.
  4932 | D:6      | Noticed Pikel
  4942 | D:6      | Killed Pikel
  4942 | D:6      | Reached skill level 10 in Axes
  4942 | D:6      | Reached XP level 9. HP: 80/80 MP: 8/8
  4963 | D:6      | Found a stormy altar of Qazlal.
  4978 | D:6      | Reached ***** piety under Trog
  5018 | D:6      | Found a sand-covered staircase.
  5043 | Ossuary  | Entered an ossuary
  5301 | D:6      | Gained mutation: Armour fits poorly on your strangely shaped body. [potion of mutation]
  5301 | D:6      | Gained mutation: Your body sometimes deteriorates upon taking damage. [potion of mutation]
  5302 | D:6      | Lost mutation: Armour fits poorly on your strangely shaped body. [potion of cure mutation]
  5302 | D:6      | Lost mutation: Your body sometimes deteriorates upon taking damage. [potion of cure mutation]
  5473 | D:6      | Reached skill level 5 in Shields
  5892 | D:7      | Found a glowing golden altar of the Shining One.
  5906 | D:7      | Found a staircase to the Ecumenical Temple.
  6031 | D:7      | Identified a scroll of acquirement
  6624 | D:7      | Reached skill level 11 in Axes
  6970 | D:8      | Found a sparkling altar of Nemelex Xobeh.
  7140 | D:8      | Received a gift from Trog
  7148 | D:8      | Got an encrusted battleaxe {god gift}
  7170 | D:8      | Noticed Erolcha
  7181 | D:8      | Killed Erolcha
  7181 | D:8      | Reached XP level 10. HP: 59/90 MP: 9/9
  7334 | D:8      | Identified the +10 battleaxe of Watchfulness {drain, +Rage rC+} (Trog gifted it to you on level 8 of the Dungeon)
  7468 | D:8      | Reached skill level 12 in Axes
  7828 | D:9      | Found a runed door.
  7832 | D:9      | Found a runed door.
  7928 | D:9      | Found a flagged portal.
  8020 | Bailey   | Entered a bailey
  8494 | Bailey   | Found an iron altar of Okawaru.
  8494 | Bailey   | Noticed an orc sorcerer
  8494 | Bailey   | Noticed an orc high priest
  8515 | Bailey   | Killed an orc sorcerer
  8524 | Bailey   | Killed an orc high priest
  8524 | Bailey   | Reached skill level 10 in Fighting
  8972 | Bailey   | Got a bloodstained war axe
  8973 | Bailey   | Identified the +9 war axe of Defilement {chop, MP+9} (You found it in a bailey)
  9352 | Bailey   | Received a gift from Trog
  9355 | Bailey   | Reached skill level 13 in Axes
  9413 | Bailey   | Noticed an orc knight
  9418 | Bailey   | Killed an orc knight
  9418 | Bailey   | Reached XP level 11. HP: 101/101 MP: 9/10
  9598 | D:9      | Found a staircase to the Lair.
 10250 | D:9      | Found a shimmering altar of Xom.
 10407 | D:9      | Reached skill level 10 in Armour
 10447 | D:9      | Noticed an iron troll
 10447 | D:9      | Noticed an iron troll
 10453 | D:9      | Killed an iron troll
 10462 | D:9      | Killed an iron troll
 10496 | D:10     | Entered Level 10 of the Dungeon
 10526 | D:10     | Received a gift from Trog
 10566 | D:10     | Noticed an eight-headed hydra
 10573 | D:10     | Killed an 11-headed hydra
 10573 | D:10     | Reached skill level 14 in Axes
 10680 | D:10     | Noticed a catoblepas
 10699 | D:10     | Killed a catoblepas
 10918 | D:10     | Noticed kak's ghost (journeyman DECj)
 10927 | D:10     | Killed kak's ghost
 11040 | D:10     | Noticed an obsidian statue
 11152 | D:10     | Reached XP level 12. HP: 110/110 MP: 11/11
 11225 | D:10     | Reached skill level 10 in Shields
 11499 | D:11     | Noticed Grum
 11515 | D:11     | Killed Grum
 11516 | D:11     | Reached skill level 15 in Axes
 11701 | D:11     | Received a gift from Trog
 11857 | D:11     | Noticed rockintein's ghost (journeyman MiBe)
 11868 | D:11     | Killed rockintein's ghost
 12063 | D:11     | Got a fine buckler
 12074 | D:11     | Identified the +0 buckler of Apathy {rElec} (You found it on level 11 of the Dungeon)
 12609 | D:12     | Noticed a tengu warrior
 12620 | D:12     | Killed a tengu warrior
 12857 | D:12     | Found a staircase to the Orcish Mines.
 13477 | D:12     | Reached skill level 16 in Axes
 13488 | D:12     | Reached XP level 13. HP: 95/119 MP: 12/12
 13692 | D:12     | Noticed a frost giant
 13695 | D:12     | HP: 2/178 [hill giant/giant club (12)]
 13698 | D:12     | Killed from afar by a frost giant

Skill      XL: |  1  2  3  4  5  6  7  8  9 10 11 12 |
---------------+-------------------------------------+-----
Axes           | 4 5 6 7 8 10 11 13 14 16 | 16.4
Fighting       | 4 5 6 7 9 10 11 12 | 12.9
Armour         | 3 4 5 6 8 9 10 12 | 12.4
Shields        | 2 4 6 8 9 11 | 11.4
Dodging        | |  2.1

Action                   |  1- 3 |  4- 6 |  7- 9 | 10-12 | 13-15 || total
-------------------------+-------+-------+-------+-------+-------++-------
Melee: Hand axe          |    70 |   173 |   466 |    69 |       ||   778
       Headbutt          |    13 |    17 |   112 |   126 |    10 ||   278
       Battleaxe         |       |       |       |    64 |       ||    64
       War axe           |       |       |       |   421 |    25 ||   446
Invok: Trog's Hand       |       |     2 |     4 |    10 |     2 ||    18
       Berserk           |       |       |     2 |     6 |     1 ||     9
Evoke: Wand              |       |       |     1 |       |       ||     1
  Use: Scroll            |       |     8 |    10 |     1 |       ||    19
       Potion            |       |     5 |     6 |     2 |       ||    13
  Eat: Chunk             |     1 |     4 |    17 |    26 |     2 ||    50
       Fruit             |       |       |     1 |       |       ||     1
       Royal jelly       |       |       |       |     1 |       ||     1
Armor: Animal skin       |    10 |       |       |       |       ||    10
       Ring mail         |    12 |     4 |       |       |       ||    16
       Chain mail        |       |   104 |   104 |       |       ||   208
       Plate armour      |       |       |    61 |   159 |     1 ||   221
       Crystal plate arm |       |       |       |       |     1 ||     1
Dodge: Dodged            |    43 |    76 |    58 |    76 |     8 ||   261
Block: Shield            |       |       |   250 |   218 |       ||   468
       Large shield      |       |       |     4 |    31 |       ||    35
       Other             |       |       |       |     5 |       ||     5
       Reflection        |       |       |       |    16 |       ||    16
       Buckler           |       |       |       |    42 |     4 ||    46
